[Event "10th Cesme Open-B 2024"]
[Site "Cesme"]
[Date "2024.06.25"]
[Round "4"]
[White "Turgut, Hakan"]
[Black "Tezcan, Alper"]
[Result "1-0"]
[ECO "D11"]
[WhiteElo "1979"]
[BlackElo "1936"]
[Annotator "RC"]
[PlyCount "95"]
[EventDate "2024.06.23"]
[EventType "swiss"]
[EventCountry "TUR"]
[SourceTitle "playchess.com"]
[Source "ChessBase"]
[SourceQuality "1"]
[TimeControl "5400+30"]

1. d4 d5 2. Nf3 Nf6 3. g3 Bf5 4. Bg2 e6 5. O-O Be7 6. c4 c6 7. Nc3 h6 8. Nd2 O-O 9. e4 dxe4 10. Ndxe4 Nbd7 11. Be3 Nxe4 12. Nxe4 Nf6 13. Nc3 Ng4 14. Bf4 Qb6 15. Na4 Qa6 16. Qb3 Rad8 17. Rad1 b5 18. cxb5 cxb5 19. Nc3 b4 20. Ne4 Qb6 21. h3 Nf6 22. Nxf6+ Bxf6 23. d5 exd5 24. Bxd5 Bxh3 25. Be3 Qc7 26. Rfe1 Bg4 27. Rd3 Qe5 28. Qxb4 Bf5 29. Bc5 Qxb2 30. Qxb2 Bxb2 31. Rb3 Rxd5 32. Bxf8 Bd4 33. Ba3 Ra5 34. Bb2 Bb6 35. a3 Be6 36. Rd3 Rb5 37. Bc1 Rh5 38. Kg2 Bh3+ 39. Kg1 Be6 40. Re4 Kh7 41. Be3 Bc7 42. Rc3 Bd8 43. Rc5 g5 44. g4 Rh4 45. f3 Bb6 46. Rc3 Bd5 47. Re5 Ba5 48. Rc5 1-0

[Event "10th Cesme Open-B 2024"]
[Site "Cesme"]
[Date "2024.06.25"]
[Round "4"]
[White "Masiya, Mfundo"]
[Black "Uzdemir, Ali Poyraz"]
[Result "1-0"]
[ECO "B53"]
[WhiteElo "1971"]
[BlackElo "1936"]
[Annotator "RC"]
[PlyCount "143"]
[EventDate "2024.06.23"]
[EventType "swiss"]
[EventCountry "TUR"]
[SourceTitle "playchess.com"]
[Source "ChessBase"]
[SourceQuality "1"]
[TimeControl "5400+30"]

1. e4 c5 2. Nf3 d6 3. d4 cxd4 4. Qxd4 Nc6 5. Bb5 Bd7 6. Bxc6 Bxc6 7. Nc3 Nf6 8. Bg5 h6 9. Bxf6 gxf6 10. O-O-O Qa5 11. Rhe1 Bg7 12. Kb1 O-O 13. Qd2 Qc7 14. Nd4 e6 15. Re3 Rad8 16. Rg3 d5 17. Ndb5 Bxb5 18. Nxb5 Qe5 19. f4 Qxe4 20. f5 Kh7 21. fxe6 fxe6 22. Nd4 f5 23. Rxg7+ Kxg7 24. Re1 Qh4 25. Nxe6+ Kh7 26. Nxf8+ Rxf8 27. g3 Qd8 28. Qd4 Re8 29. Rxe8 Qxe8 30. a3 Qb5 31. b3 a6 32. Kb2 Qc6 33. a4 b6 34. Qd3 Qf6+ 35. Ka2 a5 36. Qxd5 Kg6 37. Qd3 Kg7 38. Qf3 Qe6 39. Kb2 Kg6 40. Qc3 Qe4 41. Qh8 Qe6 42. Qd4 Kh7 43. Qf4 Qf6+ 44. Ka2 Qe6 45. h3 Kg6 46. Qd4 Qc6 47. Qd3 Kg5 48. Qe3+ Kg6 49. Qd3 Kg5 50. Qd8+ Kg6 51. Kb2 Qe6 52. Qd4 Qc6 53. Qe5 h5 54. Qd4 Qe6 55. Qh8 Qd5 56. Qe8+ Kh6 57. Qe3+ Kg7 58. Ka2 Qe4 59. Qxe4 fxe4 60. Kb2 Kf6 61. Kc3 Kf5 62. Kd2 Ke5 63. Ke3 Kd5 64. c3 Ke5 65. g4 h4 66. c4 Kd6 67. Kxe4 Kc5 68. Kd3 Kb4 69. Kc2 Ka3 70. Kc3 Ka2 71. g5 Ka3 72. Kd3 1-0

[Event "10th Cesme Open-B 2024"]
[Site "Cesme"]
[Date "2024.06.25"]
[Round "4"]
[White "Ilgaz, Yusuf Kerem"]
[Black "Cakir, Mert"]
[Result "1-0"]
[ECO "B45"]
[WhiteElo "1966"]
[BlackElo "1828"]
[Annotator "NA RC"]
[PlyCount "65"]
[EventDate "2024.06.23"]
[EventType "swiss"]
[EventCountry "TUR"]
[SourceTitle "playchess.com"]
[Source "ChessBase"]
[SourceQuality "1"]
[TimeControl "5400+30"]

1. e4 c5 2. Nf3 e6 3. d4 cxd4 4. Nxd4 Nc6 5. Nc3 Nf6 6. Nxc6 bxc6 7. e5 Nd5 8. Ne4 Qc7 9. f4 Qb6 10. c4 Bb4+ 11. Ke2 Ba6 12. Kf3 f5 13. exf6 Nxf6 14. c5 Bxc5 15. Nxc5 Bxf1 16. Na4 Bxg2+ 17. Kxg2 Qb4 18. Re1 O-O 19. a3 Qb5 20. Re5 d5 21. Qd4 Rae8 22. Nc5 Ng4 23. a4 Qb6 24. Rxe6 Qd8 25. Bd2 Qh4 26. h3 Rxe6 27. Nxe6 Rf6 28. Re1 Rg6 29. Ng5 Nf6 30. Qxa7 Rxg5+ 31. fxg5 Ne4 32. Qb8+ Kf7 33. Qf4+ 1-0

[Event "10th Cesme Open-B 2024"]
[Site "Cesme"]
[Date "2024.06.25"]
[Round "4"]
[White "Yildiz, Talat"]
[Black "Yilmaz, Kerem Tuna"]
[Result "1-0"]
[ECO "C54"]
[WhiteElo "1891"]
[BlackElo "1962"]
[Annotator "NA RC"]
[PlyCount "93"]
[EventDate "2024.06.23"]
[EventType "swiss"]
[EventCountry "TUR"]
[SourceTitle "playchess.com"]
[Source "ChessBase"]
[SourceQuality "1"]
[TimeControl "5400+30"]

1. e4 e5 2. Nf3 Nc6 3. Bc4 Bc5 4. c3 Nf6 5. d4 exd4 6. e5 d5 7. Bb5 Ne4 8. cxd4 Bb6 9. Nc3 O-O 10. Be3 Bg4 11. h3 Bh5 12. Qc2 Bg6 13. Qb3 Ne7 14. O-O c6 15. Bd3 Nd2 16. Nxd2 Bxd3 17. Rfe1 Bf5 18. Na4 Ng6 19. Rac1 Qc8 20. Nxb6 axb6 21. Kh2 Ra5 22. a3 Qb8 23. f4 f6 24. Qc3 Ra4 25. b4 Qa8 26. Ra1 Qa6 27. g4 Qd3 28. Qxd3 Bxd3 29. f5 fxe5 30. fxg6 e4 31. gxh7+ Kxh7 32. Ra2 Rfa8 33. Rea1 b5 34. Kg3 b6 35. h4 Rf8 36. h5 g6 37. hxg6+ Kxg6 38. Rh1 Rfa8 39. Rh6+ Kg7 40. Rxc6 Rxb4 41. axb4 Rxa2 42. Kf4 Rb2 43. Kf5 Rxb4 44. Rc7+ Kg8 45. Kf6 Rb2 46. Rc8+ Kh7 47. g5 1-0

[Event "10th Cesme Open-B 2024"]
[Site "Cesme"]
[Date "2024.06.25"]
[Round "4"]
[White "Colak, Tugay"]
[Black "Kocakaplan, Emre"]
[Result "0-1"]
[ECO "C57"]
[WhiteElo "1878"]
[BlackElo "1944"]
[Annotator "NA RC"]
[PlyCount "60"]
[EventDate "2024.06.23"]
[EventType "swiss"]
[EventCountry "TUR"]
[SourceTitle "playchess.com"]
[Source "ChessBase"]
[SourceQuality "1"]
[TimeControl "5400+30"]

1. e4 e5 2. Nf3 Nc6 3. Bc4 Nf6 4. Ng5 d5 5. exd5 b5 6. Bf1 Nd4 7. c3 Nxd5 8. cxd4 Qxg5 9. Bxb5+ Kd8 10. Qf3 Bb7 11. O-O Rb8 12. d3 Qg6 13. Qg3 exd4 14. Bc4 Bd6 15. Qxg6 hxg6 16. h3 Bc6 17. Na3 f6 18. Nc2 Rh4 19. Re1 Ba8 20. b4 Nxb4 21. Nxb4 Bxb4 22. Rb1 Rb6 23. Re2 g5 24. a3 Bd6 25. Bb2 Bc6 26. Rbe1 g4 27. Bxd4 gxh3 28. Bxb6 hxg2 29. Re4 Rh1+ 30. Kxg2 Rxe1 0-1

[Event "10th Cesme Open-B 2024"]
[Site "Cesme"]
[Date "2024.06.25"]
[Round "4"]
[White "Berikkyzy Alanna"]
[Black "Atis, Hasan"]
[Result "0-1"]
[ECO "B27"]
[WhiteElo "1871"]
[BlackElo "1988"]
[Annotator "NA RC"]
[PlyCount "58"]
[EventDate "2024.06.23"]
[EventType "swiss"]
[EventCountry "TUR"]
[SourceTitle "playchess.com"]
[Source "ChessBase"]
[SourceQuality "1"]
[TimeControl "5400+30"]

1. e4 c5 2. Nf3 b6 3. d4 cxd4 4. Nxd4 Bb7 5. Nc3 a6 6. Be3 e6 7. f3 Qc7 8. g4 Bb4 9. Qd2 d5 10. exd5 Bxd5 11. Be2 Nd7 12. Kf2 Bxc3 13. bxc3 Ne7 14. Rad1 O-O 15. h4 b5 16. h5 Rfc8 17. c4 Bxc4 18. h6 Bxe2 19. Nxe2 Nd5 20. Qd4 Qe5 21. hxg7 Rxc2 22. Qd3 Qxe3+ 23. Qxe3 Nxe3 24. Kxe3 Nf6 25. Nf4 Rac8 26. g5 R8c3+ 27. Kd4 Rxf3 28. Ke5 Ng4+ 29. Ke4 Re3+ 0-1

[Event "10th Cesme Open-B 2024"]
[Site "Cesme"]
[Date "2024.06.25"]
[Round "4"]
[White "Hamurcu, Mehmet"]
[Black "Korkmaz, Necmettin"]
[Result "1/2-1/2"]
[ECO "C17"]
[WhiteElo "1866"]
[BlackElo "1999"]
[Annotator "NA RC"]
[PlyCount "79"]
[EventDate "2024.06.23"]
[EventType "swiss"]
[EventCountry "TUR"]
[SourceTitle "playchess.com"]
[Source "ChessBase"]
[SourceQuality "1"]
[TimeControl "5400+30"]

1. e4 e6 2. d4 d5 3. Nc3 Bb4 4. e5 c5 5. Bd2 Ne7 6. Nf3 Nbc6 7. Bd3 Nxd4 8. Nxd4 cxd4 9. Nb5 Bxd2+ 10. Qxd2 O-O 11. Nxd4 Nc6 12. Nxc6 bxc6 13. O-O Qb6 14. c3 Ba6 15. Bxa6 Qxa6 16. f4 Rab8 17. b3 Rfd8 18. f5 exf5 19. Qg5 Rf8 20. h4 c5 21. Rxf5 Rxb3 22. Raf1 Rbb8 23. Rf6 Qe2 24. h5 d4 25. cxd4 cxd4 26. R1f3 h6 27. Rxh6 Qe1+ 28. Kh2 Rb5 29. Re6 fxe6 30. Rxf8+ Kxf8 31. Qd8+ Kf7 32. Qd7+ Kf8 33. Qxb5 Qh4+ 34. Kg1 Qe4 35. Qc5+ Kf7 36. Qc7+ Kg8 37. Qc8+ Kh7 38. Qxe6 Qe1+ 39. Kh2 Qh4+ 40. Kg1 1/2-1/2

[Event "10th Cesme Open-B 2024"]
[Site "Cesme"]
[Date "2024.06.25"]
[Round "4"]
[White "Kolat, Ata"]
[Black "Dogan, Umut Anil"]
[Result "1/2-1/2"]
[ECO "D00"]
[WhiteElo "1858"]
[BlackElo "1982"]
[Annotator "NA RC"]
[PlyCount "51"]
[EventDate "2024.06.23"]
[EventType "swiss"]
[EventCountry "TUR"]
[SourceTitle "playchess.com"]
[Source "ChessBase"]
[SourceQuality "1"]
[TimeControl "5400+30"]

1. d4 d5 2. Bf4 c5 3. e3 Nc6 4. c3 Nf6 5. Nd2 Bf5 6. Ngf3 Qb6 7. Qb3 c4 8. Qxb6 axb6 9. Nh4 Bc2 10. Rc1 Bg6 11. Nxg6 hxg6 12. a3 b5 13. h3 e6 14. Be2 Kd7 15. Bf3 Bd6 16. Bxd6 Kxd6 17. e4 Nh5 18. g3 f5 19. exd5 exd5 20. Bxh5 Rxh5 21. Nf3 Re8+ 22. Kd2 Re4 23. h4 Rh8 24. Ng5 Re7 25. Rce1 Rhe8 26. Rxe7 1/2-1/2

[Event "10th Cesme Open-B 2024"]
[Site "Cesme"]
[Date "2024.06.25"]
[Round "4"]
[White "Akkara, Omer"]
[Black "Hasirci, Ozgur Deniz"]
[Result "0-1"]
[ECO "B50"]
[WhiteElo "1829"]
[BlackElo "1903"]
[Annotator "NA RC"]
[PlyCount "116"]
[EventDate "2024.06.23"]
[EventType "swiss"]
[EventCountry "TUR"]
[SourceTitle "playchess.com"]
[Source "ChessBase"]
[SourceQuality "1"]
[TimeControl "5400+30"]

1. e4 c5 2. Nf3 d6 3. c3 Nf6 4. Be2 g6 5. O-O Bg7 6. Bb5+ Nc6 7. d4 cxd4 8. cxd4 O-O 9. Nc3 Bg4 10. Be3 a6 11. Be2 d5 12. e5 Ne4 13. h3 Bxf3 14. Bxf3 Nxc3 15. bxc3 Na5 16. Qd3 e6 17. a4 Rc8 18. Bc1 Re8 19. Ba3 Bf8 20. Bxf8 Rxf8 21. Rfb1 Qd7 22. Rb4 Rc6 23. Ra3 Rfc8 24. Rb1 Qc7 25. Rc1 Rc4 26. Be2 Qb6 27. Qd2 R4c6 28. Rc2 Nb3 29. Qd3 Nxd4 30. Rd2 Nxe2+ 31. Rxe2 Rc4 32. Qe3 Qc6 33. Rb2 Rxa4 34. Rb6 Qxb6 35. Qxb6 Rxa3 36. Qxb7 Raxc3 37. Qxa6 Rd8 38. Qa5 Rcc8 39. Kf1 d4 40. Ke2 d3+ 41. Kd2 Rd5 42. Qa3 Rc2+ 43. Kd1 Rxf2 44. Qa7 Rf5 45. Kd2 Rfxe5 46. g4 g5 47. Qa6 Rd8 48. Qb6 Red5 49. Qb7 h6 50. Qb2 Rc8 51. Qb3 Rc2+ 52. Kd1 Rf2 53. Qb6 Rf4 54. Kd2 Rfd4 55. Qc6 e5 56. Qxh6 e4 57. h4 e3+ 58. Kxe3 d2 0-1

[Event "10th Cesme Open-B 2024"]
[Site "Cesme"]
[Date "2024.06.25"]
[Round "4"]
[White "Arslan, Levent"]
[Black "Varyemez, Ali"]
[Result "0-1"]
[ECO "A11"]
[WhiteElo "1803"]
[BlackElo "1889"]
[Annotator "NA RC"]
[PlyCount "55"]
[EventDate "2024.06.23"]
[EventType "swiss"]
[EventCountry "TUR"]
[SourceTitle "playchess.com"]
[Source "ChessBase"]
[SourceQuality "1"]
[TimeControl "5400+30"]

1. Nf3 d5 2. c4 c6 3. g3 Nf6 4. Bg2 Bg4 5. cxd5 Bxf3 6. Bxf3 cxd5 7. d4 Nc6 8. Nc3 e6 9. O-O Bd6 10. e3 O-O 11. b3 Qa5 12. Bb2 Bb4 13. Na4 Rfc8 14. a3 Bd6 15. b4 Qd8 16. Nc5 b6 17. Nb7 Qe7 18. Nxd6 Qxd6 19. Qd3 a6 20. Rac1 b5 21. Rc5 Ra7 22. Rfc1 Rac7 23. h3 h6 24. Kg2 Nd7 25. Qe4 Nxc5 26. dxc5 Qd8 27. Rc2 Qg5 28. Qg4 0-1

[Event "10th Cesme Open-B 2024"]
[Site "Cesme"]
[Date "2024.06.25"]
[Round "4"]
[White "Karaca, Mert"]
[Black "Rzayev, Askar Aliakbar"]
[Result "0-1"]
[ECO "A47"]
[WhiteElo "1732"]
[BlackElo "1967"]
[Annotator "NA RC"]
[PlyCount "121"]
[EventDate "2024.06.23"]
[EventType "swiss"]
[EventCountry "TUR"]
[SourceTitle "playchess.com"]
[Source "ChessBase"]
[SourceQuality "1"]
[TimeControl "5400+30"]

1. d4 e6 2. Bf4 Nf6 3. e3 b6 4. Nf3 Bb7 5. Be2 Nh5 6. Bg3 Nxg3 7. hxg3 g6 8. c4 Bg7 9. Nc3 d6 10. Qd2 Nd7 11. O-O-O Qe7 12. e4 O-O-O 13. a4 h5 14. Kb1 c5 15. Qc2 a6 16. a5 bxa5 17. Qa4 cxd4 18. Nxd4 Nc5 19. Qxa5 Bxd4 20. Rxd4 Nb3 21. Qb6 Nxd4 22. Qxd4 Qg5 23. b4 h4 24. b5 Qe5 25. Qxe5 dxe5 26. gxh4 axb5 27. cxb5 Rd4 28. f3 f5 29. exf5 exf5 30. g3 Kd7 31. Kc2 Kc7 32. Ra1 Ra8 33. Rh1 Rdd8 34. h5 g5 35. h6 g4 36. Rf1 gxf3 37. Bxf3 e4 38. Be2 Rh8 39. Rxf5 Rxh6 40. g4 Rh3 41. Bc4 Ra3 42. b6+ Kxb6 43. Rb5+ Kc7 44. Rb3 Rxb3 45. Bxb3 Kd6 46. Kd2 Ke5 47. Bc4 Kd4 48. Nb5+ Kxc4 49. Nd6+ Kb4 50. Nxb7 Rd3+ 51. Ke2 Rd7 52. Ke3 Rxb7 53. Kxe4 Kc5 54. Kf5 Kd6 55. Kf6 Rb1 56. g5 Rf1+ 57. Kg7 Ke7 58. g6 Rg1 59. Kh7 Kf6 60. g7 Rxg7+ 61. Kh8 0-1